 Dungeon Sprint DCSS version 0.17-a0-1655-g88a8506 (webtiles) character file.

336 Kidiri the Covert (level 6, -4/30 HPs)
             Began as a Spriggan Enchanter on Aug 15, 2015.
             Was an Initiate of Dithmenos.
             Slain by a spatial vortex (15 damage)
             ... in the Dungeon (Sprint III: "The Ten Rune Challenge").
             The game lasted 00:03:34 (669 turns).

Kidiri the Covert (Spriggan Enchanter)               Turns: 669, Time: 00:03:34

Health: -4/30      AC:  7    Str:  2    XL:     6   Next: 28%
Magic:  2/17       EV: 25    Int: 17    God:    Dithmenos [......]
Gold:   34         SH:  0    Dex: 18    Spells: 5 memorised, 8 levels left

rFire  . . .     SeeInvis +     k - +1 dagger (speed)
rCold  . . .     Clarity  .     b - +1 robe
rNeg   . . .     SustAt   .     (shield restricted)
rPois  .         Gourm    .     (helmet restricted)
rElec  .         Spirit   .     (no cloak)
rCorr  .         Warding  .     (gloves unavailable)
rMut   .         NoTele   +     (boots unavailable)
MR     ++...                    (no amulet)
Stlth  +++++.....               (no ring)
                                (no ring)

@: very quick, very resistant to hostile enchantments, quite stealthy
A: unfitting armour, talons 1, iridescent scales 1, see invisible, herbivore 3,
speed 3, magic resistance 1, robust 1, slow healing 1, slow metabolism 2, spit
poison 1, weak 1
a: Spit Poison, Renounce Religion


You were in the Dungeon.
You worshipped Dithmenos.
Dithmenos was noncommittal.
You were not hungry.

You visited 1 branch You collected 34 gold pieces.

Inventory:

Hand weapons
 a - a +1 dagger
 k - a +1 dagger of speed (weapon)
Armour
 b - a +1 robe (worn)
Scrolls
 j - a scroll of blinking
 m - a scroll of immolation {unknown}
 n - 2 scrolls of identify {unknown}
 o - a scroll of remove curse {unknown}
 r - a scroll of holy word {unknown}
 s - a scroll of fog {unknown}
Potions
 e - a potion of curing
 f - a potion of heal wounds
 g - a potion of haste
 h - 2 potions of magic
 q - 3 potions of cure mutation
 u - a potion of flight {unknown}
Books
 c - a book of Maledictions

   Spells                             Type                      Level
   a - Corona                         Hexes                        1
   b - Ensorcelled Hibernation        Hexes/Ice                    2
   c - Confuse                        Hexes                        3
   d - Tukima's Dance                 Hexes                        3
   e - Dazzling Spray                 Conjuration/Hexes            3
Comestibles
 d - a bread ration
 p - a fruit
 t - 2 royal jellies


   Skills:
 + Level 4.6 Short Blades
 * Level 9.3 Dodging
 * Level 10.6 Stealth
 * Level 7.9 Spellcasting
 + Level 2.2 Conjurations
 + Level 6.3 Hexes
 + Level 2.9 Ice Magic


You had 8 spell levels left.
You knew the following spells:

 Your Spells              Type           Power        Failure   Level  Hunger
a - Corona                Hex            ####...      1%          1    None
b - Ensorcelled Hibernat  Hex/Ice        ###...       2%          2    None
c - Confuse               Hex            ####....     2%          3    #......
d - Tukima's Dance        Hex            ####....     2%          3    #......
e - Dazzling Spray        Conj/Hex       ###.....     8%          3    #......


Dungeon Overview and Level Annotations

Branches:
Dungeon (1/1)

Altars:
Dithmenos
Gozag
Makhleb
Nemelex Xobeh
Qazlal
Ru
Xom
Jiyva
Lugonu


Innate Abilities, Weirdness & Mutations

You are tiny and cannot use many weapons and most armour.
You have supernaturally acute eyesight.
You are a herbivore.
You cover ground extremely quickly.
You need consume almost no food.
You have sharp toenails.
You are partially covered in iridescent scales (AC +4).
You are resistant to hostile enchantments.
You are robust (+10% HP).
You heal slowly when monsters are visible.
You can spit weak poison.
You are weak. (Str -2)


Message History

You claw the spatial vortex, but do no damage.
The spatial vortex is severely damaged.
No target in view!
There is an open door here.
The spatial vortex hits you!
Ouch! That really hurt!
Space warps horribly around you!
* * * LOW HITPOINT WARNING * * *
Unknown command.
Drink which item? (? for menu, Esc to quit)
You feel much better.
You barely miss the spatial vortex.
The spatial vortex is severely damaged.
You hit the spatial vortex.
The spatial vortex is severely damaged.
You hit the spatial vortex.
The spatial vortex is almost destroyed.
The spatial vortex hits you! Space warps horribly around you!
Ouch! That really hurt!
You die...

.#####..# ..#..#..#
..#..#..###+#+###+##
..##+#..#..........#
..###...'.⌠........#
.####...#...######'#
.###....#.⌠.#__#...#
.##.....#...#__#v..#
.#......#+###__#@..#
#.#.....# #__#...+
####....# #_.'...#
▓▓▓▓▓▓ ▓▓▓▓▓▓▓▓


You could see a spatial vortex.

Vanquished Creatures
  A shadow (D)
  A water elemental (D)
  A scorpion (D)
  A jelly (D)
  Jessica (D)
  A human (D)
  An ooze (D)
  2 rats (D)
9 creatures vanquished.

Vanquished Creatures (others)
  2 draconian scorchers (D)
  A yaktaur (D)
3 creatures vanquished.

Grand Total: 12 creatures vanquished

Notes
Turn   | Place    | Note
--------------------------------------------------------------
     0 | D        | Kidiri the Spriggan Enchanter began the quest for the Orb.
     0 | D        | Reached XP level 1. HP: 9/9 MP: 5/5
    11 | D        | Reached skill level 5 in Stealth
    44 | D        | Noticed Jessica
    48 | D        | Killed Jessica
    48 | D        | Reached skill level 5 in Dodging
    48 | D        | Reached skill level 6 in Stealth
    48 | D        | Reached XP level 2. HP: 13/13 MP: 6/8
    48 | D        | Reached XP level 3. HP: 16/16 MP: 6/9
    56 | D        | Learned a level 2 spell: Ensorcelled Hibernation
    60 | D        | Learned a level 3 spell: Confuse
    64 | D        | Learned a level 3 spell: Tukima's Dance
    81 | D        | Noticed a scorpion
   181 | D        | Killed a white draconian scorcher
   219 | D        | Killed a white draconian scorcher
   239 | D        | Killed a yaktaur
   352 | D        | Killed a scorpion
   352 | D        | Reached skill level 7 in Stealth
   352 | D        | Reached skill level 5 in Spellcasting
   352 | D        | Reached skill level 1 in Ice Magic
   352 | D        | Reached XP level 4. HP: 21/21 MP: 3/12
   364 | D        | Learned a level 3 spell: Dazzling Spray
   489 | D        | Reached skill level 5 in Hexes
   507 | D        | Gained mutation: You are robust (+10% HP). [potion of mutation]
   507 | D        | Gained mutation: You have sharp toenails. [potion of mutation]
   508 | D        | Gained mutation: You can spit weak poison. [potion of mutation]
   508 | D        | Gained mutation: You are partially covered in iridescent scales (AC +4). [potion of mutation]
   508 | D        | Gained mutation: You heal slowly when monsters are visible. [potion of mutation]
   509 | D        | Gained mutation: You are weak. (Str -2) [potion of mutation]
   509 | D        | Gained mutation: You are resistant to hostile enchantments. [potion of mutation]
   517 | D        | Noticed a water elemental
   534 | D        | Killed a water elemental
   534 | D        | Reached skill level 8 in Stealth
   534 | D        | Reached skill level 1 in Conjurations
   534 | D        | Reached XP level 5. HP: 26/26 MP: 1/14
   636 | D        | Noticed a jelly
   637 | D        | Noticed a shadow
   639 | D        | Killed a shadow
   639 | D        | Reached skill level 9 in Dodging
   639 | D        | Reached skill level 10 in Stealth
   639 | D        | Reached XP level 6. HP: 30/30 MP: 14/17
   643 | D        | Killed a jelly
   648 | D        | Found a stormy altar of Qazlal.
   649 | D        | Found a sacrificial altar of Ru.
   649 | D        | Found a burning altar of Makhleb.
   649 | D        | Found a viscous altar of Jiyva.
   649 | D        | Found a shimmering altar of Xom.
   649 | D        | Found a shadowy altar of Dithmenos.
   649 | D        | Found a sparkling altar of Nemelex Xobeh.
   649 | D        | Found a corrupted altar of Lugonu.
   649 | D        | Found an opulent altar of Gozag.
   649 | D        | Noticed a spatial vortex
   653 | D        | Became a worshipper of Dithmenos the Shadowed
   669 | D        | Slain by a spatial vortex

Vault maps used:
D:        dungeon_sprint_mu

Action                   |  1- 3 |  4- 6 || total
-------------------------+-------+-------++-------
Melee: Dagger            |    13 |    10 ||    23
 Cast: Ensorcelled Hiber |     8 |     1 ||     9
       Confuse           |     1 |       ||     1
       Dazzling Spray    |       |     9 ||     9
  Use: Potion            |       |     5 ||     5
 Stab: Sleeping          |     4 |     3 ||     7
       Confused          |     1 |       ||     1
